Map: Ephemeron LE

Players

ButAlways - Winner!

  • Race: Protoss Protoss
  • Spawn Location: 5:00

Probe

  • Race: Protoss Protoss
  • Spawn Location: 11:00

VOD

Have the link to the VOD?

Description

Time

  • Played on: Sept. 7, 2019, 9:25 a.m.
  • Length: 6:15
Show
View Real Time Build Order
Export as new Build Order

ButAlways Protoss - Winner!

Build Orders:  

Get SALT Encoding   

  12  0:01  Probe  
  13  0:13  Probe  
  14  0:17  Pylon  
  14  0:25  Probe  
  15  0:34  Probe  
  15  0:35  Gateway  
  15  0:42  Probe  
  16  0:49  Assimilator  
  17  0:51  Probe  
  17  0:55  Assimilator  
  18  1:00  Probe  
  19  1:08  Probe  
  19  1:10  Gateway  
  19  1:18  Probe  
  20  1:25  Cybernetics Core  
  21  1:30  Probe  
  22  1:35  Pylon  
  22  1:42  Probe  
  23  2:00  Stalker x2  
  23  2:01  Warp Gate  
  27  2:10  Robotics Facility  
  27  2:18  Gateway  
  27  2:30  Stalker  
  27  2:35  Stalker  
  31  2:43  Pylon  
  31  2:49  Pylon  
  31  2:52  Warp Prism  
  33  3:12  Shield Battery  
  33  3:19  Pylon  
  33  3:37  Immortal  
  37  3:49  Sentry x3  
  43  4:06  Immortal  
  45  4:26  Stalker x2  
  45  4:30  Pylon  
  49  4:42  Stalker  
  52  4:45  Observer  
  52  4:50  Pylon  
  52  5:01  Stalker x2  
  56  5:18  Immortal  
  60  5:29  Adept  
  62  5:42  Adept  
  62  5:55  Adept x2  
Show
View Real Time Build Order
Export as new Build Order

Probe Protoss 

Build Orders:  

Get SALT Encoding   

  12  0:00  Probe  
  13  0:12  Probe  
  14  0:17  Pylon  
  14  0:23  Probe  
  15  0:31  Probe  
  16  0:38  Gateway  
  16  0:39  Probe  
  16  0:48  Assimilator  
  17  0:51  Probe  
  17  0:55  Assimilator  
  18  0:59  Probe  
  19  1:07  Probe  
  19  1:12  Gateway  
  19  1:17  Probe  
  21  1:26  Cybernetics Core  
  21  1:29  Probe  
  22  1:34  Pylon  
  22  1:41  Probe  
  23  1:53  Probe  
  24  1:57  Warp Gate  
  24  2:03  Stalker x2  
  24  2:06  Probe  
  29  2:10  Pylon  
  29  2:33  Stalker x2  
  33  2:42  Robotics Facility  
  33  2:56  Gateway  
  32  3:02  Pylon  
  32  3:03  Stalker  
  34  3:08  Stalker  
  36  3:18  Warp Prism  
  38  3:45  Stalker  
  38  3:46  Stalker  
  42  3:50  Stalker  
  44  4:00  Probe  
  44  4:12  Adept  
  46  4:20  Adept  
  46  4:22  Probe  
  47  4:27  Observer, Pylon  
  47  4:31  Pylon  
  47  4:45  Probe  
  48  4:47  Sentry  
  50  4:56  Immortal  
  50  4:57  Probe  
  55  5:10  Shield Battery  
  55  5:13  Sentry  
  57  5:21  Shield Battery  
  49  5:37  Stalker x2  
  51  6:03  Zealot x2  
Tags
 
Add a new tag
Caveats
  • Supply blocks, unpowered buildings, or Contaminate may cause inaccurate times.
  • Supply counts are checked every 10 seconds.